 Dungeon Sprint DCSS version 0.21-a0-91-ga5031da (webtiles) character file.

2192 pib the Destroyer (level 9, -9/51 HPs)
             Began as an Octopode Fire Elementalist on June 30, 2017.
             Was a High Priest of Sif Muna.
             Killed from afar by a deep elf knight (26 damage)
             ... with a stone arrow
             ... in the Dungeon (Sprint V: "Ziggurat Sprint").
             The game lasted 00:05:45 (323 turns).

pib the Destroyer (Octopode Fire Elementalist)       Turns: 323, Time: 00:05:45

Health: -9/51      AC:  1    Str: 20    XL:     9   Next: 33%
Magic:  12/28      EV: 13    Int: 38    God:    Sif Muna [*****.]
Gold:   0          SH:  0    Dex: 24    Spells: 14/27 levels left

rFire    . . .     SeeInvis .   H - +6 Majin-Bo {vamp, Archmagi MP+6 Int+6}
rCold    . . .     Gourm    .   (shield currently unavailable)
rNeg     . . .     Faith    .   (helmet restricted)
rPois    .         Spirit   .   (no amulet)
rElec    .         Reflect  .   x - +6 ring of dexterity
rCorr    .         Harm     .   y - +6 ring of dexterity
MR       .....     NoTele   +   z - +6 ring of intelligence
Stlth    ++++......             A - +6 ring of intelligence
HPRegen  0.17/turn              B - +6 ring of strength
MPRegen  0.21/turn              C - +6 ring of strength
                                (no ring)
                                (no ring)

@: very slightly contaminated, drained
A: almost no armour, stealthy swim, amphibious, 8 rings, constrict 8, camouflage
1, gelatinous body 1
a: Divine Energy, Channel Magic, Forget Spell, Renounce Religion


You were in the Dungeon.
You worshipped Sif Muna.
Sif Muna was extremely pleased with you.
You were not hungry.

You visited 1 branch

Inventory:

Hand Weapons
 H - the +6 Majin-Bo (weapon) {vamp, Archmagi MP+6 Int+6}
   (You found it in the Dungeon)

   It inflicts no extra harm, but heals its wielder when it wounds a living foe.
   It affects your intelligence (+6).
   It affects your magic capacity (+6).
 I - the +8 lance "Wyrmbane" {slay drac, rPois rF+ rC+ AC+3}
   (You found it in the Dungeon)

   It affects your AC (+3).
   It protects you from fire.
   It protects you from cold.
   It protects you from poison.
 S - the +4 arbalest of Honour {freeze, +Blink rN+}
   (You found it in the Dungeon)

   It causes projectiles fired from it to freeze those they strike, causing
   extra injury to most foes and up to half again as much damage against
   particularly susceptible opponents.
   They can also slow down cold-blooded creatures.
   It protects you from negative energy.
   It lets you blink.
Armour
 M - the +18 shield of the Gong {rElec rN+ MR+ EV-5}
   (You found it in the Dungeon)

   It affects your evasion (-5).
   It insulates you from electricity.
   It protects you from negative energy.
   It affects your resistance to hostile enchantments.
Magical Staves
 K - an uncursed staff of energy
 N - an uncursed staff of summoning
 R - a cursed staff of conjuration
Jewellery
 x - a +6 ring of dexterity (left tentacle)
 y - a +6 ring of dexterity (right tentacle)
 z - a +6 ring of intelligence (on tentacle)
 A - a +6 ring of intelligence (on tentacle)
 B - a +6 ring of strength (on tentacle)
 C - a +6 ring of strength (on tentacle)
 J - an uncursed ring of flight
Wands
 D - a wand of disintegration (4/24)
 E - a wand of iceblast (13/15)
 F - a wand of lightning (4/15)
 G - a wand of acid (3/15)
Scrolls
 h - 3 scrolls of blinking
 o - 4 scrolls of amnesia
 p - 2 scrolls of recharging
 q - 7 scrolls of fog
 r - a scroll of holy word
 s - 5 scrolls of identify
 t - 5 scrolls of remove curse
 u - 2 scrolls of fear
Potions
 c - 10 potions of curing
 d - 10 potions of heal wounds
 e - 6 potions of haste
 f - 7 potions of magic
 g - 3 potions of berserk rage
 i - 2 potions of brilliance
 j - 2 potions of invisibility
 k - 4 potions of resistance
 m - 5 potions of agility
 n - 5 potions of might
Books
 a - a book of Flames

   Spells                             Type                      Level
   a - Flame Tongue                   Conjuration/Fire             1
   b - Throw Flame                    Conjuration/Fire             2
   c - Conjure Flame                  Conjuration/Fire             3
   d - Inner Flame                    Hexes/Fire                   3
   e - Sticky Flame                   Conjuration/Fire             4
   f - Fireball                       Conjuration/Fire             5
 l - a book of Misfortune

   Spells                             Type                      Level
   a - Confusing Touch                Hexes                        1
   b - Confuse                        Hexes                        3
   c - Gell's Gravitas                Translocation                3
   d - Petrify                        Transmutation/Earth          4
   e - Metabolic Englaciation         Hexes/Ice                    5
   f - Yara's Violent Unravelling     Hexes/Transmutation          5
 P - Sif Muna's Incunabulum of Attacks
   (Sif Muna gifted it to you in the Dungeon)

   Spells                             Type                      Level
   a - Throw Icicle                   Conjuration/Ice              4
   b - Bolt of Fire                   Conjuration/Fire             6
   c - Orb of Destruction             Conjuration                  7
   d - Lehudib's Crystal Spear        Conjuration/Earth            8
   e - Glaciate                       Conjuration/Ice              9
Miscellaneous
 L - a crystal ball of energy
 O - a phantom mirror
 Q - a phial of floods
 T - a lightning rod (4/4)
Comestibles
 b - 4 bread rations
 v - 42 fruits
 w - 4 meat rations


   Skills:
 - Level 2.0(1.5) Dodging
 - Level 2.6(2.2) Stealth
 + Level 9.9(9.3) Spellcasting
 * Level 14.2(13.5) Conjurations
 - Level 8.1(7.6) Fire Magic
 - Level 8.0(7.5) Evocations


You had 14 spell levels left.
You knew the following spells:

 Your Spells              Type           Power        Failure   Level  Hunger
a - Flame Tongue          Conj/Fire      #####        1%          1    None
b - Fireball              Conj/Fire      #######...   1%          5    ##.....
c - Orb of Destruction    Conj           ########..   7%          7    ######.


Dungeon Overview and Level Annotations

Branches:
Dungeon (1/1)

Altars:
Ashenzari
Cheibriados
Dithmenos
Elyvilon
Fedhas
Gozag
Hepliaklqana
Kikubaaqudgha
Makhleb
Nemelex Xobeh
Okawaru
Qazlal
Ru
Sif Muna
Trog
Uskayaw
Vehumet
Wu Jian
Xom
Yredelemnul
Zin
The Shining One
Beogh
Jiyva
Lugonu

Annotations:
D 1 transporter


Innate Abilities, Weirdness & Mutations

You cannot wear most types of armour.
You are very stealthy in the water. (Stealth+)
You are amphibious.
You can wear up to eight rings at the same time.
You can use your tentacles to constrict eight enemies at once.
Your skin changes colour to match your surroundings (Stealth+).
Your rubbery body absorbs attacks. (AC +1, EV +1)


Message History

The dire flail of draining falls from the air.
Sif Muna accepts your kill.
Your Conjurations skill increases to level 14!
You have reached level 9!
Your experience leads to an increase in your attributes!
Your base attributes are Str 8, Int 19, Dex 12.
Increase (S)trength, (I)ntelligence, or (D)exterity?
You feel clever.
This wand has 3 charges left.
The scimitar of draining hits you!!
You feel drained.
Unknown command.
Okay, then.
Blink to where?
Press: ? - help, Dir - move target cursor You are very lightly contaminated with residual magic.
As you read the scroll of blinking, it crumbles to dust.
The deep elf knight points at you and mumbles some strange words.
The stone arrow hits you!
Ouch! That really hurt!
You die...

▓.8©8.▓.8©8.▓.8©8.▓
▓...†.▓."...▓.....▓
▓..)..▓.....▓.)...▓
▓.....▓.....▓%.%..▓
▓..†..▓.....▓.....▓
▓.....▓.....▓%....▓
▓.....▓.....▓▓▓▓▓▓▓
▓▓▓▓▓▓▓▓▓▓▓▓▓▓▓▓▓▓▓
▓..8©8...▓@.8©8...▓
▓..).=...▓..:=:...▓
▓...[....▓..|.|...▓
▓........▓...ee...▓
▓........▓....)...▓
▓.▓....▓.▓.▓.(..▓.▓
▓........▓...§....▓
▓▓▓▓▓▓▓▓▓▓▓▓▓▓▓▓▓▓▓


You could see a deep elf archer, a deep elf knight and a scimitar of draining.

Vanquished Creatures
  2 dancing weapons (D)
  A slime creature (D)
  A tarantella (D)
  A golden eye (D)
  A hell hound (D)
  A porcupine (D)
  A wolf (D)
  3 scorpions (D)
  A jelly (D)
  A river rat (D)
  A jackal (D)
  A ball python skeleton (D)
15 creatures vanquished.

Notes
Turn   | Place    | Note
-------+----------+-------------------------------------------
     0 | D        | pib the Octopode Fire Elementalist began the quest for the Orb.
     0 | D        | Reached XP level 1. HP: 11/11 MP: 3/3
     0 | D        | Found a deep blue altar of Sif Muna.
     0 | D        | Found a sacrificial altar of Ru.
     0 | D        | Found a bloodstained altar of Trog.
     0 | D        | Found a stormy altar of Qazlal.
     0 | D        | Found an iron altar of Okawaru.
     0 | D        | Found a sparkling altar of Nemelex Xobeh.
     0 | D        | Found a blossoming altar of Fedhas.
     2 | D        | Found a transporter.
     2 | D        | Found an ancient bone altar of Kikubaaqudgha.
     2 | D        | Found a viscous altar of Jiyva.
     2 | D        | Found a corrupted altar of Lugonu.
     2 | D        | Found a hazy altar of Hepliaklqana.
     2 | D        | Found a burning altar of Makhleb.
     2 | D        | Found an opulent altar of Gozag.
    33 | D        | Became a worshipper of Sif Muna the Loreminder
    70 | D        | Reached XP level 2. HP: 17/17 MP: 4/7
   107 | D        | Entered arena 2.
   107 | D        | Noticed a hell hound
   107 | D        | Found a transporter.
   109 | D        | Killed a hell hound
   109 | D        | Reached * piety under Sif Muna
   109 | D        | Reached skill level 5 in Conjurations
   109 | D        | Reached XP level 3. HP: 21/21 MP: 8/8
   109 | D        | Reached XP level 4. HP: 27/27 MP: 10/10
   119 | D        | Entered arena 3.
   119 | D        | Noticed a slime creature
   119 | D        | Noticed a golden eye
   119 | D        | Found a transporter.
   120 | D        | Reached ** piety under Sif Muna
   120 | D        | Reached skill level 5 in Fire Magic
   120 | D        | Reached XP level 5. HP: 31/31 MP: 11/11
   120 | D        | Killed a golden eye
   120 | D        | Reached *** piety under Sif Muna
   120 | D        | Reached skill level 5 in Spellcasting
   120 | D        | Reached skill level 7 in Conjurations
   120 | D        | Reached XP level 6. HP: 36/36 MP: 12/14
   125 | D        | Killed a slime creature
   125 | D        | Reached **** piety under Sif Muna
   125 | D        | Reached skill level 9 in Conjurations
   125 | D        | Reached XP level 7. HP: 41/41 MP: 12/16
   153 | D        | Learned a level 5 spell: Fireball
   194 | D        | Entered arena 4.
   194 | D        | Noticed a tarantella
   194 | D        | Found a transporter.
   195 | D        | Killed a tarantella
   195 | D        | Reached skill level 10 in Conjurations
   195 | D        | Reached ***** piety under Sif Muna
   195 | D        | Identified Sif Muna's Incunabulum of Attacks (Sif Muna gifted it to you in the Dungeon)
   195 | D        | Received a gift from Sif Muna
   269 | D        | Got the +4 arbalest of Honour {freeze, +Blink rN+}
   279 | D        | Learned a level 7 spell: Orb of Destruction
   281 | D        | Entered arena 5.
   281 | D        | Found a transporter.
   282 | D        | Reached skill level 11 in Conjurations
   282 | D        | Reached XP level 8. HP: 46/46 MP: 18/19
   318 | D        | Entered arena 6.
   318 | D        | Noticed a scimitar of draining
   318 | D        | Noticed a dire flail of draining
   318 | D        | Noticed a deep elf archer
   318 | D        | Noticed a mace of venom
   318 | D        | Noticed a deep elf knight
   318 | D        | Found a transporter.
   320 | D        | Killed a mace of venom
   320 | D        | Identified Istruf's Almanac of Evil Rituals and Confrontation (Sif Muna gifted it to you in the Dungeon)
   320 | D        | Received a gift from Sif Muna
   320 | D        | Reached skill level 13 in Conjurations
   322 | D        | Killed a dire flail of draining
   322 | D        | Reached skill level 14 in Conjurations
   322 | D        | Reached XP level 9. HP: 44/51 MP: 11/22
   323 | D        | Killed from afar by a deep elf knight

Vault maps used:
D:        sprint_v

Skill      XL: |  1  2  3  4  5  6  7  8 |
---------------+-------------------------+-----
Evocations     | 8 |  8.0
Spellcasting   | 3 4 5 6 7 9 |  9.9
Conjurations   | 5 7 9 11 14 | 14.2
Fire Magic     | 4 5 6 7 8 |  8.1
Dodging        | |  2.0
Stealth        | |  2.6

Action                   |  1- 3 |  4- 6 |  7- 9 || total
-------------------------+-------+-------+-------++-------
Melee: Lance             |       |     2 |       ||     2
       Tentacles         |       |     1 |       ||     1
 Cast: Fireball          |       |       |     3 ||     3
       Orb of Destructio |       |       |     1 ||     1
Evoke: Wand              |     1 |     5 |     2 ||     8
  Use: Scroll            |     1 |       |     1 ||     2
       Potion            |     1 |       |       ||     1
  Eat: Bread ration      |       |       |     1 ||     1
Dodge: Dodged            |       |       |     1 ||     1
Block: Shield            |       |     1 |       ||     1
